Map: Echo LE

Players

Kantuva - Winner!

  • Race: Zerg Zerg
  • Spawn Location: 5:00

T3Gandolph

  • Race: Protoss Protoss
  • Spawn Location: 11:00

VOD

Have the link to the VOD?

Description

Time

  • Played on: April 1, 2015, 2:09 a.m.
  • Length: 9:33
Show
View Real Time Build Order
Export as new Build Order

Kantuva Zerg - Winner!

Build Orders: Pool First 

Get SALT Encoding   

  12  0:01  Drone  
  13  0:13  Overlord  
  13  0:18  Drone  
  14  0:31  Drone x2  
  16  0:43  Spawning Pool  
  15  0:55  Drone  
  16  1:12  Drone  
  16  1:14  Drone  
  16  1:16  Hatchery  
  17  1:19  Extractor  
  16  1:26  Drone  
  17  1:33  Queen  
  17  1:39  Drone  
  20  1:44  Overlord  
  20  1:50  Drone  
  21  2:03  Drone  
  22  2:26  Queen  
  24  2:31  Hatchery, Zergling x4  
  24  2:36  Metabolic Boost  
  25  2:45  Drone  
  25  2:46  Drone x2  
  28  2:52  Drone  
  28  2:53  Drone  
  28  2:58  Drone  
  31  3:00  Drone  
  32  3:07  Zergling x6  
  35  3:14  Overlord  
  35  3:29  Drone x2  
  35  3:33  Lair  
  35  3:34  Extractor  
  34  3:41  Queen  
  34  3:44  Queen  
  38  3:50  Drone x2  
  38  3:51  Drone  
  41  4:01  Overlord  
  43  4:10  Drone x6  
  45  4:26  Drone x3  
  48  4:33  Spire  
  48  4:36  Extractor x2  
  48  4:38  Spore Crawler  
  44  4:42  Spore Crawler  
  44  4:44  Drone x5, Spore Crawler  
  47  4:53  Drone x3  
  47  4:54  Drone x2  
  52  5:04  Overlord  
  52  5:12  Overlord x2  
  51  5:16  Zergling x10  
  51  5:17  Zergling x2  
  57  5:26  Overlord  
  57  5:34  Zergling x8  
  61  5:36  Spine Crawler  
  59  5:43  Drone x4  
  59  5:44  Drone x4  
  65  5:51  Mutalisk x2  
  69  5:58  Mutalisk x2  
  69  6:06  Mutalisk x2  
  73  6:14  Overseer  
  73  6:20  Mutalisk x4  
  81  6:32  Mutalisk  
  82  6:36  Drone x4  
  82  6:37  Drone x3  
  89  6:41  Extractor  
  89  6:42  Extractor  
  87  6:49  Overlord  
  87  6:50  Overlord  
  87  6:56  Overlord x2  
  87  6:59  Drone x2  
  87  7:01  Overlord x2  
  89  7:15  Mutalisk x5  
  93  7:31  Mutalisk x2  
  93  7:36  Drone x4  
  93  7:37  Drone x4  
  105  7:51  Zergling x12  
  109  8:10  Zergling x10  
  114  8:17  Zergling x2  
  114  8:18  Zergling x2  
  116  8:20  Queen  
  116  8:21  Queen  
  116  8:24  Hatchery  
  116  8:25  Evolution Chamber  
  116  8:26  Evolution Chamber  
  117  8:30  Zergling x2  
  117  8:31  Zergling x16  
  120  8:46  Overlord x3  
  120  9:00  Drone x3  
  120  9:01  Drone x4  
Show
View Real Time Build Order
Export as new Build Order

T3Gandolph Protoss 

Build Orders:  

Get SALT Encoding   

  12  0:13  Probe  
  13  0:17  Pylon  
  13  0:25  Probe  
  14  0:37  Gateway, Probe  
  15  0:49  Probe (Chrono Boost)  
  16  0:52  Assimilator  
  16  1:01  Probe (Chrono Boost)  
  17  1:11  Probe (Chrono Boost)  
  18  1:18  Probe  
  18  1:25  Cybernetics Core  
  19  1:31  Probe (Chrono Boost)  
  20  1:42  Probe (Chrono Boost)  
  21  1:56  Nexus  
  21  2:03  Pylon  
  21  2:07  Probe  
  22  2:09  Warp Gate (Chrono Boost)  
  22  2:15  Assimilator  
  22  2:22  Mothership Core  
  24  2:26  Gateway  
  24  2:30  Gateway  
  24  2:33  Pylon  
  24  2:43  Probe  
  25  2:55  Probe  
  25  2:58  Forge  
  26  3:01  Robotics Facility  
  26  3:08  Probe x2 (Chrono Boost)  
  28  3:18  Probe x2 (Chrono Boost)  
  30  3:20  Zealot  
  30  3:24  Probe  
  30  3:25  Probe  
  34  3:40  Probe (Chrono Boost)  
  36  3:44  Assimilator  
  36  3:45  Probe (Chrono Boost)  
  36  3:47  Assimilator  
  36  3:50  Probe (Chrono Boost)  
  36  3:55  Probe (Chrono Boost)  
  38  3:57  Probe (Chrono Boost)  
  38  4:00  Protoss Ground Weapons Level 1  
  38  4:02  Warp Prism  
  39  4:07  Probe (Chrono Boost)  
  39  4:08  Probe (Chrono Boost)  
  43  4:16  Probe  
  44  4:33  Robotics Bay  
  44  4:34  Probe (Chrono Boost)  
  44  4:35  Probe (Chrono Boost)  
  46  4:44  Probe x2 (Chrono Boost)  
  46  4:45  Zealot x2  
  52  4:51  Pylon  
  52  4:53  Pylon  
  52  4:58  Photon Cannon  
  52  5:09  Probe  
  53  5:20  Nexus, Zealot x2  
  53  5:21  Pylon, Zealot  
  59  5:23  Pylon  
  49  6:05  Zealot x3  
  59  6:13  Probe (Chrono Boost)  
  59  6:16  Photon Cannon  
  59  6:17  Disruptor (Chrono Boost)  
  61  6:18  Gateway  
  61  6:19  Gateway, Probe (Chrono Boost)  
  61  6:23  Probe (Chrono Boost)  
  61  6:24  Assimilator  
  63  6:26  Assimilator  
  63  6:27  Probe (Chrono Boost)  
  63  6:30  Probe  
  63  6:32  Pylon  
  64  6:34  Probe  
  64  6:37  Probe  
  66  6:42  Stalker, Probe  
  66  6:43  Stalker x2  
  66  6:45  Protoss Ground Armor Level 1  
  66  6:46  Probe  
  74  6:49  Probe, Pylon  
  79  6:55  Pylon  
  79  6:59  Pylon  
  79  7:00  Disruptor (Chrono Boost)  
  79  7:03  Pylon  
  79  7:06  Pylon  
  79  7:08  Photon Cannon  
  79  7:10  Photon Cannon  
  69  7:16  Stalker x3  
  57  7:42  Stalker  
  55  7:56  Disruptor x2  
  51  8:00  Stalker  
  51  8:02  Photon Cannon  
  53  8:18  Stalker  
  53  8:19  Stalker  
  26  8:49  Mothership Core  
  26  8:54  Cybernetics Core  
  28  8:56  Photon Cannon  
  28  8:59  Photon Cannon  
  28  9:01  Photon Cannon  
  20  9:03  Gateway x2  
  20  9:04  Probe x2  
  20  9:09  Pylon  
  22  9:10  Probe  
  22  9:14  Photon Cannon  
  23  9:17  Stalker x3  
  23  9:22  Zealot x2  
Tags
 
Matchup
PvZ
Opening
Pool First
Spawn Locations
Cross Positions
Add a new tag
Caveats
  • Supply blocks, unpowered buildings, or Contaminate may cause inaccurate times.
  • Supply counts are checked every 10 seconds.